[Event "*** Titled Tuesday 3|2 Blitz"]
[Site "Chess.com"]
[Date "2015.12.01"]
[Round "4"]
[White "Haridaskesavan"]
[Black "Er_is_geen_hoop_meer"]
[Result "0-1"]
[WhiteElo "2091"]
[BlackElo "2357"]
[TimeControl "180+2"]
[EndTime "11:46:03 PST"]
[Termination "Er_is_geen_hoop_meer won by checkmate"]

1. e4 c5 2. c3 Nf6 3. e5 Nd5 4. g3 e6 5. Bg2 d6 6. exd6 Bxd6 7. Ne2 O-O 8. d4 cxd4 9. Nxd4 a6 10. O-O Qc7 11.
Nd2 Nf6 12. Qe2 e5 13. N4b3 Be6 14. Re1 Nbd7 15. Ne4 Nxe4 16. Qxe4 Rab8 17. Be3 f5 18. Qc2 b5 19. Rad1 Rf6 20. Bd5 Bxd5 21. Rxd5 e4 22. Red1 Ne5 23. Nd4 Qf7 24. Qb3 Bc7 25.
Bf4 Nc4 26. Bxc7 Qxc7 27. Nxf5 Rbf8 28. Rd7 Qc5 29. Rxg7+ Kh8 30. Rdd7 Qxf2+ 31. Kxf2 Rxf5+ 32. Kg2 Ne3+ 33. Kh3 Rh5# 0-1

[Event "*** Titled Tuesday 3|2 Blitz"]
[Site "Chess.com"]
[Date "2015.12.01"]
[Round "4"]
[White "chessdude"]
[Black "kikydu96"]
[Result "0-1"]
[WhiteElo "2275"]
[BlackElo "2260"]
[TimeControl "180+2"]
[EndTime "11:46:32 PST"]
[Termination "kikydu96 won by resignation"]

1. e4 e5 2. Nf3 Nc6 3. Bb5 a6 4. Ba4 Nf6 5. O-O Be7 6. Re1 b5 7. Bb3 O-O 8. a4 b4 9. d4 d6 10. dxe5 dxe5 11. Nbd2 Bg4 12. h3 Bh5 13. c3 Rb8 14.
Qe2 a5 15. Bc4 Bc5 16. Nf1 h6 17. Ng3 Bg6 18. Nh2 Qe7 19. Ng4 Nxg4 20. Qxg4 Kh7 21. Bd5 Qf6 22. Nf5 Ne7 23. Bc4 Nxf5 24. exf5 Bxf5 25.
Qe2 Rfe8 26. Be3 Bd6 27. cxb4 Rxb4 28. b3 e4 29. Rad1 Qe5 30. g3 Bxh3 31. Bf4 Qf6 32.
Bxd6 cxd6 33. Rd4 Qxd4 0-1

[Event "*** Titled Tuesday 3|2 Blitz"]
[Site "Chess.com"]
[Date "2015.12.01"]
[Round "4"]
[White "gumersindo"]
[Black "RitvarsReimanis"]
[Result "1-0"]
[WhiteElo "2210"]
[BlackElo "2284"]
[TimeControl "180+2"]
[EndTime "11:46:42 PST"]
[Termination "gumersindo won by resignation"]

1. d4 Nf6 2. c4 g6 3. Nc3 d5 4. Bg5 Ne4 5. Bh4 Nxc3 6. bxc3 Bg7 7. e3 c5 8. Nf3 O-O 9. cxd5 cxd4 10. cxd4 Qxd5 11.
Bxe7 Re8 12. Bh4 Nc6 13. Be2 Bf5 14. O-O Nb4 15. Qb3 Qa5 16. Rfc1 Nc6 17. Qxb7 Nb4 18. Bc4 Nc2 19. Qxf7+ Kh8 20. Bf6 Rg8 21. Rab1 Nb4 22. Ng5 Bxb1 23. Qxg8+ 1-0

[Event "*** Titled Tuesday 3|2 Blitz"]
[Site "Chess.com"]
[Date "2015.12.01"]
[Round "4"]
[White "Grootneus"]
[Black "AnimationDomination"]
[Result "1-0"]
[WhiteElo "2013"]
[BlackElo "1751"]
[TimeControl "180+2"]
[EndTime "11:46:54 PST"]
[Termination "Grootneus won by resignation"]

1. e4 c5 2. c3 d6 3. d4 cxd4 4. cxd4 Nf6 5. Nc3 e6 6. Nf3 Nc6 7. Be2 Be7 8. O-O O-O 9. h3 a6 10. a4 Qc7 11. Be3 Bd7 12. Rc1 Rac8 13. d5 exd5 14.
Nxd5 Qd8 15. Bb6 Qe8 16. Nc7 Qd8 17. Nd5 Qe8 18. a5 Be6 19. Nc7 Qd7 20. e5 dxe5 21. Qxd7 Bxd7 22. Rfd1 Bf5 23. Bxa6 bxa6 24. Rxc6 Be4 25.
Rc3 Nd5 26. Nxd5 Bxd5 27. Rxd5 1-0

[Event "*** Titled Tuesday 3|2 Blitz"]
[Site "Chess.com"]
[Date "2015.12.01"]
[Round "4"]
[White "Rikikits"]
[Black "GrigorGrigorov"]
[Result "1/2-1/2"]
[WhiteElo "2578"]
[BlackElo "2551"]
[TimeControl "180+2"]
[EndTime "11:47:09 PST"]
[Termination "Game drawn by agreement"]

1. e4 g6 2. d4 Bg7 3. Nc3 c6 4. f4 d5 5. e5 Nh6 6. Bd3 f6 7. Nf3 Bg4 8. h3 Bxf3 9. Qxf3 O-O 10. e6 f5 11. O-O Bxd4+ 12. Kh1 Qd6 13. Re1 Rf6 14.
Qe2 Na6 15. Bxa6 bxa6 16. Bd2 Kh8 17. Rad1 Ng8 18. Na4 Rff8 19. c4 Nf6 20. c5 Bxc5 21. Nxc5 Qxc5 22. Bc3 Qb5 23. Qe5 Qb8 24. Qd4 Qb6 25.
Qe5 Kg8 26. b4 Qb8 27. Qd4 Qb6 28. Qe5 Qb8 29. Qd4 Qb6 1/2-1/2

[Event "*** Titled Tuesday 3|2 Blitz"]
[Site "Chess.com"]
[Date "2015.12.01"]
[Round "4"]
[White "AvitalBor"]
[Black "spectralsoul"]
[Result "0-1"]
[WhiteElo "2343"]
[BlackElo "2483"]
[TimeControl "180+2"]
[EndTime "11:47:24 PST"]
[Termination "spectralsoul won by resignation"]

1. e4 d6 2. d4 Nf6 3. Bd3 e5 4. c3 Nbd7 5. Nf3 Be7 6. O-O O-O 7. h3 c6 8. a4 h6 9. Na3 Re8 10. Re1 Bf8 11. Nc4 exd4 12. cxd4 d5 13. exd5 Rxe1+ 14. Qxe1 Nxd5 15. Nfe5 Nxe5 16. dxe5 Nb4 17. Bb1 Be6 18.
Qe4 g6 19. Nd6 Bxd6 20. exd6 Qxd6 21. Bxh6 Bf5 22. Qh4 Bxb1 23. Rxb1 Nd5 24. Re1 Qd7 25. Qd4 f6 26. Bd2 a6 27. Re4 Re8 28. Rh4 Qf5 29. Bc3 Re2 30. Qa7 Qc8 31. Qc5 Qf5 32.
Qd6 Qxf2+ 0-1

[Event "*** Titled Tuesday 3|2 Blitz"]
[Site "Chess.com"]
[Date "2015.12.01"]
[Round "4"]
[White "ArnaudovP"]
[Black "dawnrule"]
[Result "1-0"]
[WhiteElo "2327"]
[BlackElo "2215"]
[TimeControl "180+2"]
[EndTime "11:47:27 PST"]
[Termination "ArnaudovP won by resignation"]

1. d4 Nf6 2. c4 e6 3. Nc3 d5 4. cxd5 exd5 5. Bg5 Be7 6. e3 O-O 7.
Bd3 Be6 8. Nge2 Nbd7 9. O-O h6 10. Bh4 c5 11. Rc1 Rc8 12. dxc5 Nxc5 13. Bb1 Re8 14.
Nd4 Qd7 15. Nxe6 fxe6 16. Qc2 Nce4 17. f3 Nxc3 18. Bxf6 Ne4 19. Bc3 Nxc3 20. Qh7+ Kf8 21. Rxc3 Rxc3 22. Bg6 Bc5 23. Qh8+ Ke7 24. Qxg7+ Kd6 25.
Qxd7+ Kxd7 26. Bxe8+ Kxe8 27. bxc3 Bxe3+ 28. Kh1 Bd2 29. Rb1 b6 30. Rb3 Kd7 31. Kg1 Kc6 32. Kf1 a5 33.
Ke2 Bf4 34. g3 Be5 35. f4 Bf6 36. Kd3 Kc5 37. Rb1 b5 38. Re1 e5 39. fxe5 Be7 40.
e6 a4 41. Re5 Kd6 42. Rh5 Bg5 43. h4 Bc1 44. e7 Kxe7 45. Rxd5 1-0

[Event "*** Titled Tuesday 3|2 Blitz"]
[Site "Chess.com"]
[Date "2015.12.01"]
[Round "4"]
[White "AndreyOstrovskiy"]
[Black "Hikaru"]
[Result "0-1"]
[WhiteElo "2439"]
[BlackElo "2917"]
[TimeControl "180+2"]
[EndTime "11:47:28 PST"]
[Termination "Hikaru won by checkmate"]

1. e4 g6 2. d4 a6 3. f4 c6 4. Nf3 d5 5. e5 Bg4 6. h3 Bxf3 7.
Qxf3 e6 8. Bd3 c5 9. c3 Nc6 10. Be3 Qb6 11. Qf2 cxd4 12. cxd4 Nb4 13. Bf1 Rc8 14.
Nc3 Ne7 15. a3 Nbc6 16. Bd3 Na5 17. O-O Nc4 18. Bxc4 Rxc4 19. Rfc1 Nf5 20. b4 Nxe3 21. Qxe3 Qxd4 22. Qxd4 Rxd4 23. Na4 Be7 24. Rc8+ Bd8 25. Rb8 O-O 26. Rxb7 Rxf4 27. Nc5 Bg5 28. Nxa6 Rc4 29. a4 Be3+ 30. Kf1 Rc2 31. Nb8 Rfc8 32. Nd7 Rf2+ 33. Ke1 Rxg2 34. Rd1 Rcc2 35. Nf6+ Kg7 36. Ne8+ Kh6 37.
Rxf7 Rg1+ 38. Rf1 Bf2# 0-1

[Event "*** Titled Tuesday 3|2 Blitz"]
[Site "Chess.com"]
[Date "2015.12.01"]
[Round "4"]
[White "amaidel"]
[Black "Gabrielian_Artur"]
[Result "0-1"]
[WhiteElo "2386"]
[BlackElo "2528"]
[TimeControl "180+2"]
[EndTime "11:47:41 PST"]
[Termination "Gabrielian_Artur won by resignation"]

1. Nf3 Nf6 2. d4 g6 3. Bf4 Bg7 4. h3 O-O 5. c3 d6 6. e3 c5 7. Be2 Nc6 8. O-O b6 9. Nbd2 Bb7 10. Bh2 cxd4 11. cxd4 Rc8 12. Rc1 Qd7 13. a3 Nd5 14.
Qa4 Rfd8 15. Bb5 a6 16. Bd3 Nxd4 17. Qxd7 Nxf3+ 18. Nxf3 Rxd7 19. Rxc8+ Bxc8 20. e4 Nc7 21. b3 Bb7 22. a4 Ne6 23. b4 Bc3 24. Rb1 Rc7 25.
Kf1 a5 26. bxa5 Bxa5 27. e5 Rc3 28. exd6 Rxd3 29. dxe7 Ng7 30. Ne5 Rd5 31. Ng4 Ne8 32. Be5 f6 33. Bxf6 Kf7 34. Bh4 g5 35. Bg3 Kxe7 36.
Re1+ Bxe1 0-1

[Event "*** Titled Tuesday 3|2 Blitz"]
[Site "Chess.com"]
[Date "2015.12.01"]
[Round "4"]
[White "ilmago"]
[Black "Matibar"]
[Result "0-1"]
[WhiteElo "1912"]
[BlackElo "2456"]
[TimeControl "180+2"]
[EndTime "11:47:44 PST"]
[Termination "Matibar won by resignation"]

1. e4 e6 2. d4 d5 3. exd5 exd5 4. Bd3 Bd6 5. Nf3 Ne7 6. O-O O-O 7. Nc3 c6 8. Re1 h6 9. Ne2 Bg4 10. Ng3 Nd7 11.
h3 Bxg3 12. fxg3 Be6 13. Bf4 Re8 14. c3 Nf8 15. g4 Neg6 16. Bg3 Bd7 17. Ne5 Nxe5 18.
Rxe5 Rxe5 19. Bxe5 Be6 20. Qf3 Nd7 21. Bg3 Qb6 22. Qf2 c5 23. dxc5 Nxc5 24. Bf5 Bxf5 25. gxf5 Qc6 26. Qd4 Ne4 27. Bf4 Qd7 28. g4 Qb5 29. b3 Qe2 30. a4 Rc8 31. Rf1 Rxc3 32. Qxd5 Rc2 0-1

[Event "*** Titled Tuesday 3|2 Blitz"]
[Site "Chess.com"]
[Date "2015.12.01"]
[Round "4"]
[White "kharposh"]
[Black "AnastasiaProtopopova"]
[Result "0-1"]
[WhiteElo "2088"]
[BlackElo "1887"]
[TimeControl "180+2"]
[EndTime "11:48:14 PST"]
[Termination "AnastasiaProtopopova won by checkmate"]

1. e4 e5 2. Nf3 Nc6 3. Bb5 a6 4. Bxc6 dxc6 5. Nc3 Bd6 6. d4 exd4 7. Qxd4 f6 8. Be3 Ne7 9. O-O-O Bd7 10. e5 fxe5 11. Nxe5 Bxe5 12. Qxe5 O-O 13. Bc5 Re8 14. Rd3 Ng6 15.
Qg3 Qc8 16. h4 Bf5 17. Rf3 Ne5 18. Bd4 Qe6 19. Kb1 Rad8 20. Rd1 c5 21. Bxc5 Rxd1+ 22. Nxd1 Qd5 23. Ne3 Bxc2+ 24. Nxc2 Qd1# 0-1

[Event "*** Titled Tuesday 3|2 Blitz"]
[Site "Chess.com"]
[Date "2015.12.01"]
[Round "4"]
[White "DaPazz"]
[Black "alturas_pacificas"]
[Result "0-1"]
[WhiteElo "1819"]
[BlackElo "2113"]
[TimeControl "180+2"]
[EndTime "11:48:17 PST"]
[Termination "alturas_pacificas won on time"]

1. d4 d5 2. c4 c6 3. Nc3 Nf6 4.
Nf3 e6 5. cxd5 exd5 6. Bf4 Bf5 7. e3 Nbd7 8. Bd3 Bxd3 9. Qxd3 Be7 10. Ne5 O-O 11.
Nxd7 Qxd7 12. h3 Rfe8 13. Bh2 Bd6 14. Bxd6 Qxd6 15. a3 Ne4 16. Nxe4 Rxe4 17. b4 a6 18. O-O Rf8 19. f3 Re7 20. e4 dxe4 21. fxe4 Rd7 22.
Rad1 Rfd8 23. Qc4 Qe6 24. d5 cxd5 25. Rxd5 Rxd5 26. exd5 Qxd5 27. Qxd5 Rxd5 28. Rc1 g6 29.
Rc7 Rb5 30. Kf2 a5 31. bxa5 Rxa5 32. Rxb7 Rxa3 33. Rb8+ Kg7 34. Rb7 h5 35. g3 g5 36.
Kg2 Kg6 37. Rb5 f6 38. Rc5 Ra2+ 39. Kf3 Rh2 40. h4 gxh4 41. gxh4 Rxh4 42. Kg3 Ra4 43. Kh3 f5 44. Rc8 Kg5 45. Rg8+ Kf4 46. Kg2 Ra2+ 47.
Kf1 Kf3 48. Ke1 Ra1+ 49. Kd2 f4 50. Rg5 Rh1 51. Ra5 Rh2+ 52. Ke1 Rh1+ 53. Kd2 h4 54. Rg5 h3 55. Rh5 h2 0-1

[Event "*** Titled Tuesday 3|2 Blitz"]
[Site "Chess.com"]
[Date "2015.12.01"]
[Round "4"]
[White "pKiLz5Rn9b"]
[Black "StellarChessPro"]
[Result "1-0"]
[WhiteElo "2467"]
[BlackElo "2267"]
[TimeControl "180+2"]
[EndTime "11:48:22 PST"]
[Termination "pKiLz5Rn9b won by resignation"]

1. e4 c6 2. d4 d5 3. Nc3 dxe4 4. Nxe4 Bf5 5. Ng3 Bg6 6. h4 h6 7. Nf3 Nd7 8. h5 Bh7 9. Bd3 Bxd3 10. Qxd3 e6 11.
Bd2 Ngf6 12. O-O-O Qc7 13. Kb1 O-O-O 14. Ne4 Nxe4 15.
Qxe4 Bd6 16. c4 Nf6 17. Qe2 c5 18. Be3 cxd4 19. Nxd4 a6 20. Rc1 Bc5 21. Nb3 Bxe3 22. Qxe3 Qc6 23. f3 Rd7 24. Na5 Qc7 25. Nb3 Rhd8 26. c5 Rd3 27. Qe2 Qf4 28. c6 b5 29. Qc2 Qf5 30. Ka1 Re3 31. Qf2 Qe5 32. Rhe1 Rxe1 33. Rxe1 Qc7 34. Rc1 Nd5 35. Qc5 Qb6 36.
Qa3 b4 37. Qa4 Qb5 38. Qxb5 axb5 39. Nd4 Kc7 40. Nxb5+ Kb6 41. a4 bxa3 42. Nxa3 Rc8 43. Nc4+ Kb5 44. Nd6+ 1-0

[Event "*** Titled Tuesday 3|2 Blitz"]
[Site "Chess.com"]
[Date "2015.12.01"]
[Round "4"]
[White "Gergo85"]
[Black "jefferyx"]
[Result "0-1"]
[WhiteElo "2339"]
[BlackElo "2575"]
[TimeControl "180+2"]
[EndTime "11:48:39 PST"]
[Termination "jefferyx won by checkmate"]

1. e4 a6 2. Nf3 b5 3. d4 Bb7 4.
Bd3 e6 5. a4 b4 6. c3 Nf6 7. e5 Nd5 8. c4 Nb6 9. Nbd2 a5 10. Qe2 d5 11. c5 N6d7 12. Nb3 Be7 13. O-O Ba6 14. Bxa6 Rxa6 15. Qb5 O-O 16. Be3 f6 17. exf6 Bxf6 18. Rac1 c6 19. Qd3 e5 20.
dxe5 Nxe5 21. Nxe5 Bxe5 22. Bd4 Qc7 23. g3 Ra8 24.
Rce1 Nd7 25. f4 Bxd4+ 26. Qxd4 Rae8 27. Kg2 Qa7 28. Kf2 Nf6 29. Rxe8 Rxe8 30. Re1 Ng4+ 31. Kf3 Nxh2+ 32. Kg2 Rxe1 33. Kxh2 Re2+ 34. Kg1 Qe7 35. Nxa5 Re1+ 36. Kg2 Qe2+ 37. Qf2 Qe4+ 38. Kh3 Rh1+ 39. Kg4 h5+ 40. Kg5 Qe7+ 41. Kf5 Qf6# 0-1

[Event "*** Titled Tuesday 3|2 Blitz"]
[Site "Chess.com"]
[Date "2015.12.01"]
[Round "4"]
[White "Keranke"]
[Black "Fandorine"]
[Result "0-1"]
[WhiteElo "2594"]
[BlackElo "2559"]
[TimeControl "180+2"]
[EndTime "11:48:43 PST"]
[Termination "Fandorine won by resignation"]

1. d4 Nf6 2. c4 g6 3. g3 Bg7 4. Bg2 O-O 5. Nf3 d6 6. O-O Nbd7 7. Nc3 c6 8. e4 e5 9. h3 Qb6 10. Re1 exd4 11. Nxd4 Re8 12. Nc2 Nc5 13. b3 Nfd7 14. Bb2 Ne5 15. Bf1 Bxh3 16. Bxh3 Ncd3 17. Re3 Nxb2 18.
Qe2 Qa5 19. Rb1 Nexc4 20. bxc4 Bxc3 21. Na1 Na4 22. Nc2 Rab8 23. f4 Bg7 24. Kg2 Nc3 25.
Qd2 Qxa2 26. Rbe1 Qxc4 27. e5 Qd5+ 28. Qxd5 Nxd5 29. Ra3 dxe5 30. Rxa7 exf4 0-1

[Event "*** Titled Tuesday 3|2 Blitz"]
[Site "Chess.com"]
[Date "2015.12.01"]
[Round "4"]
[White "Cryptochess"]
[Black "yopino"]
[Result "1-0"]
[WhiteElo "2429"]
[BlackElo "2224"]
[TimeControl "180+2"]
[EndTime "11:48:44 PST"]
[Termination "Cryptochess won by checkmate"]

1. e4 c5 2. Nc3 g6 3. g3 Bg7 4. Bg2 Nc6 5. d3 d6 6. Be3 Rb8 7. Qd2 b5 8. Nge2 b4 9. Nd1 Nd4 10. O-O h5 11. Bg5 Ne6 12. Be3 Nd4 13. Nc1 h4 14. c3 bxc3 15. bxc3 Ne6 16. f4 f5 17.
exf5 gxf5 18. Re1 Nf6 19. Nf2 Nh5 20. Ne2 Bb7 21. Bxb7 Rxb7 22. d4 Qa5 23. dxc5 Nxc5 24. Qd5 hxg3 25. Nxg3 Nxg3 26. hxg3 Qxc3 27. Rac1 Qb2 28.
Bxc5 dxc5 29. Rxc5 Bd4 30. Rc8# 1-0

[Event "*** Titled Tuesday 3|2 Blitz"]
[Site "Chess.com"]
[Date "2015.12.01"]
[Round "4"]
[White "Moltini"]
[Black "JustKid"]
[Result "0-1"]
[WhiteElo "2143"]
[BlackElo "2120"]
[TimeControl "180+2"]
[EndTime "11:49:03 PST"]
[Termination "JustKid won by resignation"]

1. d4 d6 2. c4 e5 3. d5 f5 4. g3 Nf6 5. Bg2 g6 6. e3 Bg7 7. Ne2 O-O 8. O-O Nbd7 9. Nbc3 a5 10. Rb1 Nc5 11. b3 Bd7 12. Ba3 b6 13. Qc2 g5 14. f4 gxf4 15. gxf4 e4 16. Bxc5 bxc5 17. Ng3 Ng4 18. Rbe1 Qf6 19. h3 Qh4 20. Nh1 Nf6 21. Nd1 Kh8 22. Qf2 Qh6 23. Qe2 a4 24. Rf2 axb3 25.
axb3 Nh5 26. Qd2 Bf6 27. Ref1 Bh4 28. Re2 Rg8 29. b4 cxb4 30. Qxb4 Ng3 31. Nxg3 Rxg3 32.
c5 Rag8 33. cxd6 cxd6 34. Rff2 Rxh3 35. Qb7 Bxf2+ 36. Nxf2 Rhg3 37. Nh1 R3g7 38. Qb2 Qg6 39. Kf1 h6 40. Ke1 Kh7 41. Bf1 Qf7 42. Rd2 Rg1 43. Nf2 Qg7 44. Qb7 h5 45. Ke2 h4 46. Nh3 Qg4+ 47.
Kf2 Qf3+ 0-1

[Event "*** Titled Tuesday 3|2 Blitz"]
[Site "Chess.com"]
[Date "2015.12.01"]
[Round "4"]
[White "Rickstereo"]
[Black "rikyshi"]
[Result "1-0"]
[WhiteElo "2224"]
[BlackElo "2123"]
[TimeControl "180+2"]
[EndTime "11:49:04 PST"]
[Termination "Rickstereo won by resignation"]

1. c4 Nf6 2. g3 e6 3. Bg2 d5 4.
Nf3 c6 5. b3 Be7 6. O-O O-O 7.
Bb2 Nbd7 8. d3 a5 9. a3 b5 10.
Nbd2 Bb7 11. e4 Nc5 12. e5 Nfd7 13. Qc2 bxc4 14. dxc4 Ba6 15. Rfd1 Qc7 16. b4 Nb7 17. cxd5 exd5 18. Rac1 axb4 19. axb4 Bb5 20. Qf5 Bxb4 21. Ng5 g6 22. Qh3 h5 23. e6 Ne5 24. exf7+ Nxf7 25. Bxd5 Qd6 26. Nde4 Qe7 27. Nf6+ Qxf6 28. Bxf6 cxd5 29. Rxd5 Nxg5 30. Rxg5 Rxf6 31. Rxb5 Bc5 32. Rxb7 Rxf2 33. Rxc5 Re2 34. Rc8+ Re8 35. Qe6+ 1-0

[Event "*** Titled Tuesday 3|2 Blitz"]
[Site "Chess.com"]
[Date "2015.12.01"]
[Round "4"]
[White "RitchieBlackmore"]
[Black "alex_zapata"]
[Result "1-0"]
[WhiteElo "2338"]
[BlackElo "2166"]
[TimeControl "180+2"]
[EndTime "11:49:16 PST"]
[Termination "RitchieBlackmore won by resignation"]

1. d4 d5 2. Nc3 Nf6 3. Bg5 e6 4. e4 dxe4 5. Nxe4 Be7 6. Bxf6 Bxf6 7. Nf3 O-O 8. c3 b6 9. Bd3 Bb7 10. Qc2 Be7 11. O-O-O Qd5 12. Kb1 Qa5 13. h4 c5 14.
Neg5 h6 15. Bh7+ Kh8 16. Bg8 f5 17. Bxe6 cxd4 18. Nxd4 Bxg5 19. hxg5 Be4 20. Rd3 Qe5 21. gxh6 g6 22. f3 Bxd3 23. Qxd3 Nc6 24. Bb3 Nxd4 25. cxd4 Qd6 26. d5 Rae8 27. Rc1 Re7 28. a3 Rc7 29.
Qd4+ Kh7 30. Rc6 Qd7 31. Rxc7 Qxc7 32. d6 Qd7 33. Be6 Qb7 34. d7 Kxh6 35. Qh4+ Kg7 36. Qe7+ 1-0

[Event "*** Titled Tuesday 3|2 Blitz"]
[Site "Chess.com"]
[Date "2015.12.01"]
[Round "4"]
[White "Iball95"]
[Black "MinhGTrAn"]
[Result "0-1"]
[WhiteElo "2421"]
[BlackElo "2623"]
[TimeControl "180+2"]
[EndTime "11:49:33 PST"]
[Termination "MinhGTrAn won by resignation"]

1. e4 c5 2. Nf3 d6 3. Bb5+ Bd7 4.
Bxd7+ Qxd7 5. c4 Nf6 6. Nc3 e6 7. O-O Be7 8. d4 cxd4 9. Nxd4 O-O 10. Be3 a6 11. Rc1 Nc6 12. f3 Bd8 13. Qd2 Ba5 14. Rfd1 Rfd8 15. Nb3 Bc7 16. Qf2 Qe7 17. Nd4 Ne5 18. b3 Rac8 19. Rd2 Ba5 20. Rdd1 b5 21.
Nde2 bxc4 22. Bb6 Nd3 23. Rxd3 Bxb6 24. Re3 cxb3 25. axb3 Qa7 26. Nd1 Rxc1 27. Nxc1 d5 28. e5 Nd7 29. f4 Nc5 30. g4 Ne4 31. Qf3 Rc8 32. Ne2 Nd2 33. Qh3 Nxb3 34. Kg2 Bxe3 35. Nxe3 a5 36. f5 Nd4 37. Nf4 Rc3 38. f6 Nc2 39.
Nxe6 Nxe3+ 40. Kf2 Nxg4+ 0-1

[Event "*** Titled Tuesday 3|2 Blitz"]
[Site "Chess.com"]
[Date "2015.12.01"]
[Round "4"]
[White "salomez"]
[Black "HansCoolNiemann"]
[Result "0-1"]
[WhiteElo "2091"]
[BlackElo "2182"]
[TimeControl "180+2"]
[EndTime "11:49:33 PST"]
[Termination "HansCoolNiemann won by checkmate"]

1. e4 e6 2. d4 d5 3. Nc3 Nf6 4. e5 Nfd7 5. f4 c5 6. Nf3 Nc6 7. Be3 cxd4 8. Nxd4 Bc5 9. Qd2 O-O 10. O-O-O a6 11. h4 Bxd4 12. Bxd4 b5 13. h5 b4 14. Na4 Qa5 15. b3 Nxd4 16. Qxd4 Bb7 17. h6 g6 18. Kb1 Bc6 19. Nb2 Bb5 20. f5 Rfc8 21. fxe6 fxe6 22. Qg4 Qb6 23. Qg5 Qc7 24. Rc1 Qxe5 25. Qxe5 Nxe5 26. Bxb5 axb5 27. Rce1 Nc6 28.
Rxe6 Nd4 29. Rd6 Nxc2 30. Rxd5 Rc7 31. Rhd1 Na3+ 32. Ka1 Rac8 33. Nd3 Nc2+ 34. Kb1 Ne3 35. Nxb4 Nxd1 36. Rxd1 Kf7 37. Rd5 Rc1+ 38. Kb2 Rg1 39. Rxb5 Rxg2+ 40. Kb1 Re8 41. Rb7+ Kf6 42. Nd5+ Kf5 43.
Rf7+ Kg5 44. Rf1 Kxh6 45. Rh1+ Kg7 46. a4 Ree2 47. Nc3 Rb2+ 48. Ka1 Rxb3 49. Rc1 Rg3 50. Ne4 Rge3 51. Nc5 Rb6 52. a5 Ra3# 0-1

[Event "*** Titled Tuesday 3|2 Blitz"]
[Site "Chess.com"]
[Date "2015.12.01"]
[Round "4"]
[White "riconaipe"]
[Black "Canairez"]
[Result "0-1"]
[WhiteElo "2292"]
[BlackElo "2227"]
[TimeControl "180+2"]
[EndTime "11:49:34 PST"]
[Termination "Canairez won by resignation"]

1. d4 c6 2. c4 d5 3. Nf3 Nf6 4. e3 Bg4 5. Nc3 e6 6. h3 Bxf3 7. Qxf3 Be7 8. Bd3 O-O 9. O-O Nbd7 10. Qe2 e5 11. cxd5 cxd5 12. dxe5 Nxe5 13. Rd1 Re8 14. Bb5 Nc6 15. b3 a6 16. Bxc6 bxc6 17. Bb2 Qa5 18. Na4 Ne4 19. Rac1 Rac8 20. Qg4 Bf8 21. Rc2 g6 22. Rdc1 h5 23. Qe2 c5 24. Nc3 Nxc3 25.
Bxc3 Qa3 26. Qd2 Red8 27. Bb2 Qxa2 28. Bf6 Qxb3 29. Bxd8 Rxd8 30. Rb2 Qa4 31. Ra2 Qc6 32. Rca1 Ra8 33. Rd1 Rd8 34. Qa5 Rd6 35. Rad2 Bg7 36. Rb1 d4 37. Rb8+ Kh7 38. exd4 cxd4 39. Rd8 Rxd8 40.
Qxd8 Qc1+ 41. Kh2 Qxd2 0-1

[Event "*** Titled Tuesday 3|2 Blitz"]
[Site "Chess.com"]
[Date "2015.12.01"]
[Round "4"]
[White "KNVB"]
[Black "Maitreia"]
[Result "1-0"]
[WhiteElo "2342"]
[BlackElo "2453"]
[TimeControl "180+2"]
[EndTime "11:49:35 PST"]
[Termination "KNVB won by checkmate"]

1. d4 Nf6 2. c4 g6 3. Nc3 Bg7 4. e4 O-O 5. Be3 d6 6. f3 Nc6 7. Nge2 a6 8. Qd2 Rb8 9. Rc1 Bd7 10. Nd1 Re8 11. Nf2 e5 12. d5 Ne7 13. g3 Nh5 14.
g4 Nf4 15. Nxf4 exf4 16. Bxf4 f5 17. Be2 fxg4 18. fxg4 Rf8 19. Bg5 h6 20. Bxh6 Rxf2 21. Bxg7 Rxe2+ 22. Qxe2 Kxg7 23. e5 dxe5 24. Qxe5+ Kh7 25.
O-O Be8 26. Rf8 Ng8 27. Rc3 Qh4 28. Qxc7+ Kh8 29. Qe5+ Kh7 30. Qxb8 Qe1+ 31. Rf1 Qe2 32. Qf4 g5 33. Rh3+ Kg7 34. Qf8+ Kg6 35. Qxg8# 1-0

[Event "*** Titled Tuesday 3|2 Blitz"]
[Site "Chess.com"]
[Date "2015.12.01"]
[Round "4"]
[White "GeorgMeier"]
[Black "dretch"]
[Result "1-0"]
[WhiteElo "2631"]
[BlackElo "2430"]
[TimeControl "180+2"]
[EndTime "11:49:42 PST"]
[Termination "GeorgMeier won by resignation"]

1. Nf3 d5 2. g3 Bg4 3. Bg2 Nd7 4. c4 e6 5. cxd5 exd5 6. O-O Bd6 7. h3 Bh5 8. Nc3 c6 9. d3 Ne7 10. e4 O-O 11.
exd5 Nxd5 12. Nxd5 cxd5 13. Qb3 Nb6 14. a4 a5 15. Be3 Bb4 16. Rac1 Re8 17. Kh2 Qd6 18.
Nd4 Rac8 19. Nb5 Qf6 20. Bd4 Qh6 21. Nc3 Bc5 22. Bxc5 Rxc5 23. d4 Rc6 24. Rce1 Rd8 25. Qb5 Qd6 26. Re5 Bg6 27. Nxd5 Nc4 28. Ne7+ Kf8 29.
Nxc6 Nxe5 30. Nxe5 Qxd4 31. Nxg6+ hxg6 32. Qxb7 Qd6 33. Qb5 Qd2 34. Bf3 Kg8 35. Kg2 Qc2 36. Qxa5 Qxb2 37.
Qxd8+ 1-0

[Event "*** Titled Tuesday 3|2 Blitz"]
[Site "Chess.com"]
[Date "2015.12.01"]
[Round "4"]
[White "GMharikrishna"]
[Black "Frolyanov_D"]
[Result "1-0"]
[WhiteElo "2546"]
[BlackElo "2435"]
[TimeControl "180+2"]
[EndTime "11:49:47 PST"]
[Termination "GMharikrishna won by resignation"]

1. e4 c5 2. Nf3 d6 3. d4 cxd4 4. Nxd4 Nf6 5. Nc3 a6 6. h3 e6 7. g4 Be7 8. Bg2 Nfd7 9. g5 Nc6 10. f4 Qc7 11. h4 Nxd4 12. Qxd4 O-O 13. h5 Qc5 14. Qd3 d5 15. exd5 e5 16. f5 Qb4 17.
a3 Qg4 18. Qf3 Qxf3 19. Bxf3 e4 20. Bxe4 Nc5 21. O-O Nxe4 22. Nxe4 Re8 23. Bd2 Bd7 24. Rae1 Bf8 25. c4 Re5 26. Ng3 Rxe1 27. Rxe1 Bd6 28.
Kg2 Rc8 29. Bb4 Bf4 30. Re7 Be8 31. d6 Bxg5 32. d7 Bxd7 33. Rxd7 Rxc4 34. Rxb7 h6 35. Bc3 1-0

[Event "*** Titled Tuesday 3|2 Blitz"]
[Site "Chess.com"]
[Date "2015.12.01"]
[Round "4"]
[White "chessbia"]
[Black "Herman-NY"]
[Result "1-0"]
[WhiteElo "2031"]
[BlackElo "2153"]
[TimeControl "180+2"]
[EndTime "11:49:47 PST"]
[Termination "chessbia won on time"]

1. d3 g6 2. Nf3 Bg7 3. g3 e5 4.
Bg2 Ne7 5. c4 c6 6. O-O d5 7.
Nbd2 O-O 8. Rb1 a5 9. b3 d4 10. a3 c5 11. b4 axb4 12. axb4 cxb4 13. Rxb4 Na6 14. Rb5 Nc6 15. Ne4 h6 16. Ba3 Re8 17. Nd6 Nc7 18. Nxe8 Nxb5 19. cxb5 Qxe8 20. bxc6 Rxa3 21.
Qc1 Rc3 22. cxb7 Bxb7 23. Qb2 Bc6 24. Rc1 e4 25. Ne1 e3 26. Bxc6 exf2+ 27. Kxf2 Qxc6 28.
Qb8+ Kh7 29. Rb1 h5 30. Nf3 Qf6 31. Qe8 Bh6 32. Rb8 Be3+ 33. Kg2 Rc1 34. Qg8+ Kh6 35. Qf8+ Kh7 36. h4 Ra1 37. Rb7 Rg1+ 38. Kh2 1-0

[Event "*** Titled Tuesday 3|2 Blitz"]
[Site "Chess.com"]
[Date "2015.12.01"]
[Round "4"]
[White "ZEN-22"]
[Black "AndroQueen"]
[Result "0-1"]
[WhiteElo "2251"]
[BlackElo "2278"]
[TimeControl "180+2"]
[EndTime "11:49:49 PST"]
[Termination "AndroQueen won by resignation"]

1. d4 Nf6 2. Nc3 d5 3. Bg5 Nbd7 4. e4 dxe4 5. Bc4 e6 6. Nxe4 Be7 7. Nxf6+ Nxf6 8.
Nf3 O-O 9. Qe2 b6 10. O-O-O Bb7 11. Ne5 Nd5 12. h4 f6 13. Nf3 fxg5 14. Qxe6+ Kh8 15. hxg5 Bxg5+ 16. Kb1 Bh6 17. Ne5 Qd6 18. Qg4 Rae8 19. Qg3 Qf6 20. Rdf1 Qf4 21. Qd3 Qf5 22. Qb3 Nf4 23. g4 Qg5 24. f3 Rxe5 25. dxe5 Qxe5 26. a4 a5 27. Re1 Qf6 28. Qe3 Ng2 29. Rxh6 gxh6 30. Qe7 Nxe1 31. Qxe1 Qg7 32. f4 Bf3 33. g5 hxg5 34. fxg5 Bh5 35. Qh4 Bg6 36. Ka2 Bf7 37. Bb3 Bxb3+ 38. cxb3 Rg8 39. Qd4 Qxd4 0-1